[Event "Titled Tuesday Blitz November 16 2021"]
[White "Zierk, Steven"]
[Black "Tillyaev, Ulugbek"]
[WhiteFideId "2034255"]
[BlackFideId "14202441"]
[WhiteElo "2494"]
[BlackElo "2341"]
[Result "1-0"]
[Round "08"]
[TimeControl "180+1"]
[Date "2021.11.16"]
[WhiteClock "0:00:05"]
[BlackClock "0:00:03"]

1. b3 d6 2. Bb2 Nd7 3. Nf3 Ngf6 4. d4 g6 5. g3 Bg7 6. Bg2 O-O 7. O-O e5 8. dxe5 Ng4 9. Qd2 Ngxe5 10. Nxe5 Nxe5 11. c4 a5 12. f4 Nd7 13. Bxg7 Kxg7 14. Nc3 Re8 15. e4 Nc5 16. Qd4+ f6 17. Rae1 Ne6 18. Qd2 Nc5 19. Kh1 Bd7 20. Qd4 Bc6 21. Nd5 Bxd5 22. cxd5 Qe7 23. Re3 Kg8 24. Rfe1 Qg7 25. Bh3 Re7 26. a3 Rae8 27. b4 axb4 28. axb4 Nd7 29. Be6+ Kh8 30. Rc1 Nf8 31. f5 Nd7 32. Rxc7 Ne5 33. Rc1 Qh6 34. Rc2 Ra8 35. Rec3 Ree8 36. Rc7 Qh5 37. Kg2 Qf3+ 38. Kg1 Qg4 39. Qe3 Qh3 40. fxg6 Ra1+ 41. Rc1 Rxc1+ 42. Rxc1 Qh5 43. gxh7 Ra8 44. Rf1 Ra2 45. Rf2 Ra1+ 46. Kg2 Qd1 47. Qh6 Qg1+ 48. Kh3 Qxf2 49. Qf8+ Kxh7 50. Bf5+ Qxf5+ 51. exf5 Ra2 52. Qe7+ Kg8 53. Qxd6 Rf2 54. Qe6+ Kg7 55. Qe7+ Kg8 56. d6 Rd2 57. g4 Rd3+ 58. Kg2 Rd4 59. g5 Rg4+ 60. Kf1 Rxg5 61. Qxf6 Nf3 62. d7 1-0


[Site "https://www.chess.com"]

[Event "Titled Tuesday Blitz November 16 2021"]
[White "Zubov, Alexander"]
[Black "Sviridov, Valery"]
[WhiteFideId "14109409"]
[BlackFideId "4120680"]
[WhiteElo "2685"]
[BlackElo "2454"]
[Result "1-0"]
[Round "08"]
[TimeControl "180+1"]
[Date "2021.11.16"]
[WhiteClock "0:00:05"]
[BlackClock "0:00:06"]

1. d4 g6 2. e4 Bg7 3. Nf3 d6 4. Bc4 e6 5. O-O a6 6. a4 b6 7. Re1 Ne7 8. c3 O-O 9. Nbd2 Bb7 10. Bb3 c5 11. Nf1 Nbc6 12. Ng3 cxd4 13. cxd4 Rc8 14. Be3 Na5 15. Bc2 Nc4 16. Bc1 Qd7 17. b3 Na5 18. Ba3 Rfd8 19. Qd2 Rc7 20. Rab1 Rdc8 21. Bd1 Nac6 22. h4 b5 23. axb5 axb5 24. Be2 Ra8 25. Bb2 Na5 26. Bc3 Nac6 27. Bxb5 Qc8 28. Rec1 Ba6 29. Ba4 Na7 30. Ba5 Rxc1+ 31. Rxc1 Qb8 32. Bc7 Qb7 33. Bxd6 Nac8 34. Rc7 Qb6 35. Rxe7 Nxd6 36. Qf4 Rf8 37. Rd7 Nb5 38. Ne5 f6 39. Nc4 Qb8 40. Qxb8 Rxb8 41. d5 exd5 42. exd5 Nc3 43. Na5 Nxa4 44. bxa4 f5 45. Nc6 Rb1+ 46. Kh2 f4 47. Ne4 Bd3 48. Ng5 h6 49. Rd8+ 1-0


[Site "https://www.chess.com"]

[Event "Titled Tuesday Blitz November 16 2021"]
[White "Ahmadzada, Ahmad"]
[Black "Gelman, Alexander"]
[WhiteFideId "13413007"]
[BlackFideId "4118316"]
[WhiteElo "2226"]
[BlackElo "2375"]
[Result "0-1"]
[Round "09"]
[TimeControl "180+1"]
[Date "2021.11.16"]
[WhiteClock "0:00:03"]
[BlackClock "0:00:11"]

1. e4 c5 2. Nf3 e6 3. Nc3 a6 4. g3 d6 5. d4 cxd4 6. Nxd4 Nf6 7. Bg2 Be7 8. O-O O-O 9. f4 Qc7 10. Be3 Nc6 11. Nb3 b5 12. a3 Bb7 13. g4 Nd7 14. g5 Nb6 15. Qh5 Nc4 16. Bc1 g6 17. Qh6 Rfe8 18. Rf3 Bf8 19. Qh4 Rad8 20. Rh3 h5 21. gxh6 Kh7 22. f5 N6e5 23. Nd4 Qc5 24. Qf2 Rd7 25. Nce2 exf5 26. exf5 Bxg2 27. Kxg2 Qd5+ 28. Kg1 Rde7 29. Bg5 Ng4 30. Qf1 Nce3 31. Bxe3 Nxe3 32. fxg6+ fxg6 33. Qf6 Qg2# 0-1


[Site "https://www.chess.com"]

[Event "Titled Tuesday Blitz November 16 2021"]
[White "Andreikin, Dmitry"]
[Black "Zubov, Alexander"]
[WhiteFideId "4158814"]
[BlackFideId "14109409"]
[WhiteElo "2736"]
[BlackElo "2685"]
[Result "1-0"]
[Round "09"]
[TimeControl "180+1"]
[Date "2021.11.16"]
[WhiteClock "0:00:55"]
[BlackClock "0:00:04"]

1. d4 Nf6 2. c4 g6 3. Nc3 d5 4. cxd5 Nxd5 5. e4 Nxc3 6. bxc3 Bg7 7. Be3 c5 8. Qd2 Qa5 9. Nf3 O-O 10. Rc1 Bg4 11. Ng5 h6 12. h3 cxd4 13. cxd4 Qxd2+ 14. Kxd2 Bd7 15. Nf3 Rc8 16. Rxc8+ Bxc8 17. Bb5 Bd7 18. Bxd7 Nxd7 19. Rc1 Nf6 20. Kd3 Ne8 21. d5 Kf8 22. Nd4 Rd8 23. f4 e6 24. dxe6 Bxd4 25. Bxd4 fxe6 26. Ke3 b6 27. g4 Ke7 28. h4 Rd7 29. g5 h5 30. Be5 Nd6 31. Rc6 Nb7 32. f5 gxf5 33. exf5 exf5 34. Kf4 Nd8 35. Bf6+ Kf7 36. g6+ Kxg6 37. Bxd8+ Kf7 38. Rc7 Rxc7 39. Bxc7 Kf6 40. a4 Ke6 41. Kg5 Kd5 42. Kxh5 Ke4 43. Kg5 1-0


[Site "https://www.chess.com"]

[Event "Titled Tuesday Blitz November 16 2021"]
[White "Antipov, Mikhail Al."]
[Black "Rustemov, Alexander"]
[WhiteFideId "4107012"]
[BlackFideId "4119002"]
[WhiteElo "2587"]
[BlackElo "2759"]
[Result "1-0"]
[Round "09"]
[TimeControl "180+1"]
[Date "2021.11.16"]
[WhiteClock "0:00:03"]
[BlackClock "0:00:01"]

1. e4 e6 2. d4 d5 3. Nc3 dxe4 4. Nxe4 Bd7 5. Nf3 Bc6 6. Bd3 Nd7 7. O-O Ngf6 8. Nxf6+ Qxf6 9. c3 Bxf3 10. Qxf3 Qxf3 11. gxf3 c6 12. a4 a5 13. Kg2 Be7 14. f4 g6 15. Kf3 Nf6 16. Bd2 O-O 17. Rae1 Rfe8 18. Re5 Bd6 19. Re2 Nd5 20. Rfe1 Rad8 21. h3 Re7 22. Bb1 Red7 23. Bc1 Bf8 24. Rg1 Bg7 25. Bc2 Kf8 26. Ree1 Bf6 27. Bb1 Nb6 28. Bc2 Nc4 29. f5 exf5 30. Bxf5 Re7 31. Bc2 Nb6 32. Bh6+ Ke8 33. Rxe7+ Kxe7 34. Re1+ Kd7 35. Bb3 Nd5 36. Bd2 Be7 37. Ke4 f5+ 38. Kf3 Bd6 39. h4 Re8 40. Rg1 Re4 41. h5 Ne7 42. Rh1 Rg4 43. hxg6 hxg6 44. Rh7 g5 45. Bc2 Ke6 46. Bb3+ Kd7 47. Rg7 Bf4 48. Bc2 Ke6 49. Bb3+ Kf6 50. Rf7+ Kg6 51. Rxe7 Bxd2 52. Rxb7 Rg1 53. Rb6 g4+ 54. Ke2 Bc1 55. Bc2 Kg5 56. Rxc6 Bxb2 57. Rc5 Rc1 58. Kd2 Kh4 59. Rxf5 Ra1 60. Rxa5 Ra3 61. Rc5 Kh3 62. Bd1 1-0


[Site "https://www.chess.com"]

[Event "Titled Tuesday Blitz November 16 2021"]
[White "Bodnar, Nikolay"]
[Black "Remizov, Yaroslav"]
[WhiteFideId "14106469"]
[BlackFideId "34134015"]
[WhiteElo "2296"]
[BlackElo "2325"]
[Result "0-1"]
[Round "09"]
[TimeControl "180+1"]
[Date "2021.11.16"]
[WhiteClock "0:00:13"]
[BlackClock "0:00:09"]

1. e4 a6 2. d4 b6 3. Nf3 Ra7 4. Bd3 c6 5. O-O d6 6. e5 d5 7. h3 g6 8. Re1 Bg7 9. c4 dxc4 10. Bxc4 e6 11. Nc3 Ne7 12. Ne4 O-O 13. Bg5 h6 14. Bf6 Nd7 15. Bxg7 Kxg7 16. Qd2 c5 17. Rad1 Bb7 18. dxc5 Bxe4 19. Rxe4 Nxc5 20. Rd4 Qc8 21. b4 b5 22. Bf1 Na4 23. Rc1 Qb8 24. Rd6 Nf5 25. Rdc6 Ne7 26. R6c2 Rd8 27. Qf4 Nd5 28. Qg4 Qb7 29. h4 Qe7 30. a3 h5 31. Qe4 Rdd7 32. Ng5 Rac7 33. Rxc7 Rxc7 34. Rxc7 Qxc7 35. g4 Nac3 36. Qf3 hxg4 37. Qxg4 Qxe5 38. h5 Nf6 39. h6+ Kg8 40. Qg2 Ncd5 41. Bd3 Qa1+ 42. Kh2 Qe5+ 43. Kg1 Qa1+ 44. Kh2 Qxa3 45. Bxg6 fxg6 46. Nxe6 Kf7 47. Ng5+ Ke7 48. h7 Nxh7 49. Nxh7 Qd3 50. Qg5+ Kd7 51. Nf8+ Ke8 52. Nxg6 Qe4 53. Kg3 Nxb4 54. Ne5 Nd5 55. Qg8+ Ke7 56. Ng6+ Kd6 57. Qd8+ Kc5 58. Qf8+ Kc4 59. Nh4 Qe5+ 60. Kg2 Qe4+ 61. Nf3 Nf4+ 62. Kg3 Ne2+ 63. Kg2 Nd4 64. Qf7+ Kb4 65. Qf8+ Ka4 66. Kg3 Qxf3+ 67. Qxf3 Nxf3 68. Kxf3 b4 69. Ke4 b3 70. Kd3 Ka3 71. f4 b2 72. Kc2 Ka2 73. f5 b1=Q+ 74. Kc3 Qxf5 75. Kd4 a5 76. Kc4 a4 77. Kb4 a3 78. Kc3 Kb1 79. Kd2 a2 80. Kc3 a1=N 81. Kb4 Kb2 82. Kc4 Qe4+ 83. Kc5 Nb3+ 84. Kb5 Kc3 85. Kb6 Qe6+ 86. Kc7 Nc5 87. Kd8 Qd7# 0-1


[Site "https://www.chess.com"]

[Event "Titled Tuesday Blitz November 16 2021"]
[White "Bortnyk, Olexandr"]
[Black "Iskusnyh, Sergei"]
[WhiteFideId "14120828"]
[BlackFideId "4120027"]
[WhiteElo "2723"]
[BlackElo "2492"]
[Result "1-0"]
[Round "09"]
[TimeControl "180+1"]
[Date "2021.11.16"]
[WhiteClock "0:00:16"]
[BlackClock "0:00:04"]

1. g4 e5 2. Bg2 Nc6 3. c4 Bc5 4. e3 d6 5. Nc3 Nge7 6. h4 O-O 7. g5 f5 8. gxf6 Rxf6 9. Ne4 Rf8 10. Nh3 Kh8 11. Nhg5 Bf5 12. Ng3 Bd3 13. Be4 Bxe4 14. N3xe4 Qd7 15. a3 a5 16. Ng3 Nf5 17. Qc2 Rae8 18. b3 h6 19. Bb2 hxg5 20. hxg5+ Kg8 21. O-O-O Qe6 22. Rh5 e4 23. Rdh1 Nxg3 24. fxg3 Rf3 25. Kb1 Qg6 26. Rh8+ Kf7 27. R8h4 Ke7 28. Bxg7 Kd7 29. Bf6 Ne5 30. b4 axb4 31. axb4 Bb6 32. Rh7+ Kc8 33. Qa4 Kb8 34. R1h6 Rf1+ 35. Kc2 1-0


[Site "https://www.chess.com"]

[Event "Titled Tuesday Blitz November 16 2021"]
[White "Drygalov, Andrey"]
[Black "Sviridov, Valery"]
[WhiteFideId "24171735"]
[BlackFideId "4120680"]
[WhiteElo "2540"]
[BlackElo "2454"]
[Result "0-1"]
[Round "09"]
[TimeControl "180+1"]
[Date "2021.11.16"]
[WhiteClock "0:00:05"]
[BlackClock "0:00:11"]

1. e4 e5 2. Nf3 Nc6 3. Bc4 Nf6 4. d3 Bc5 5. O-O d6 6. c3 a6 7. a4 h6 8. Nbd2 Ba7 9. Re1 O-O 10. h3 Ne7 11. Nf1 Ng6 12. Ng3 c6 13. Bb3 Be6 14. d4 Re8 15. Be3 Bxb3 16. Qxb3 Qc7 17. Rad1 exd4 18. Bxd4 Bxd4 19. Nxd4 Rad8 20. Ndf5 Nf4 21. c4 Re6 22. Qf3 Ng6 23. Qc3 Nf8 24. Re3 N8d7 25. a5 Kh7 26. b4 g6 27. Nd4 Re7 28. Nf3 Rde8 29. Red3 Re6 30. R3d2 c5 31. b5 Kg8 32. Rd3 Kh7 33. Qd2 axb5 34. cxb5 c4 35. Rd4 c3 36. Qc2 Qxa5 37. Rxd6 Rxd6 38. Rxd6 Qxb5 39. Qxc3 Nxe4 40. Nxe4 Rxe4 41. Qc7 Ne5 42. Rf6 Kg7 43. Nxe5 Kxf6 44. Nd7+ Kg7 45. Qc8 Qb4 46. Qd8 Re1+ 0-1


[Site "https://www.chess.com"]

[Event "Titled Tuesday Blitz November 16 2021"]
[White "FGHSMN"]
[Black "Pichot, Alan"]
[BlackFideId "110973"]
[WhiteElo "2694"]
[BlackElo "2600"]
[Result "0-1"]
[Round "09"]
[TimeControl "180+1"]
[Date "2021.11.16"]
[WhiteClock "0:00:07"]
[BlackClock "0:00:25"]

1. e4 e5 2. f4 d5 3. exd5 e4 4. d3 exd3 5. Bxd3 Qxd5 6. Nf3 Nf6 7. Nc3 Bb4 8. Bd2 Qe6+ 9. Qe2 O-O 10. Qxe6 Bxe6 11. O-O-O c6 12. Ng5 Bg4 13. Rde1 h6 14. Nge4 Nbd7 15. h3 Be6 16. f5 Bd5 17. Nxf6+ Nxf6 18. a3 Ba5 19. b4 Bc7 20. Nxd5 cxd5 21. Re7 Rac8 22. Rhe1 Rfd8 23. g4 Kf8 24. R7e2 Bg3 25. Rg1 Bh4 26. Kb2 Ne4 27. Bxe4 dxe4 28. Bc3 Rc4 29. Be5 Bg5 30. c3 Rd3 31. Rge1 e3 32. Bd4 Kg8 33. Kc2 Rdxd4 34. Kb3 Re4 35. Rd1 b5 36. Rd7 a6 37. Rd3 h5 38. gxh5 Kh7 39. a4 Kh6 40. axb5 axb5 41. Rd5 Bf6 42. Rxb5 Rxc3+ 43. Ka4 Rd3 44. Rc5 Rd2 45. Re1 Ra2+ 46. Kb3 Rb2+ 47. Ka3 Rbxb4 48. Rxe3 Ra4+ 49. Kb3 Rxe3+ 50. Kxa4 Rxh3 51. Kb5 Rxh5 52. Kc4 Kg5 53. Kd3 Rh4 54. Ke2 Re4+ 55. Kf3 Re5 56. Rc4 Rxf5+ 57. Kg3 Kg6 58. Rg4+ Rg5 0-1


[Site "https://www.chess.com"]

[Event "Titled Tuesday Blitz November 16 2021"]
[White "Golubka, Petro"]
[Black "Le, Tuan Minh"]
[WhiteFideId "14114224"]
[BlackFideId "12401153"]
[WhiteElo "2392"]
[BlackElo "2450"]
[Result "1-0"]
[Round "09"]
[TimeControl "180+1"]
[Date "2021.11.16"]
[WhiteClock "0:00:17"]
[BlackClock "0:00:01"]

1. d4 d5 2. Nf3 Nf6 3. Bg5 Ne4 4. h4 c6 5. c3 Qb6 6. Qc1 Bf5 7. Nbd2 e6 8. Bf4 Nd7 9. e3 Be7 10. Nxe4 Bxe4 11. Nd2 Bf5 12. h5 h6 13. Be2 c5 14. O-O Rc8 15. a4 O-O 16. a5 Qc6 17. Qd1 Bd6 18. Bxd6 Qxd6 19. Qb3 Rc7 20. Qa3 e5 21. Rfd1 Qf6 22. dxc5 Nxc5 23. Nb3 Ne4 24. Bf3 Bg4 25. Bxg4 Qxf2+ 26. Kh1 Rc4 27. Bh3 Qxe3 28. Rf1 Qg5 29. a6 b6 30. Rf3 Ng3+ 31. Kh2 Nxh5 32. Qd6 Rd8 33. Qa3 e4 34. Rff1 Rc6 35. Nd4 Rg6 36. Ne2 Nf6 37. Rf4 Qh5 38. Re1 Qe5 39. Kg1 Re8 40. Qb4 Rg5 41. Qd4 Qc7 42. Rxf6 gxf6 43. Qxf6 Rg6 44. Qf4 Qxf4 45. Nxf4 Rd6 46. Rd1 Re5 47. Kf2 e3+ 48. Ke2 Rf6 49. g3 Rg5 50. Kf3 b5 51. Rd3 Rxa6 52. Rxe3 Rb6 53. b4 a5 54. bxa5 Ra6 55. Re8+ Kg7 56. Re7 Rxa5 57. Be6 Ra3 58. Rxf7+ Kh8 59. Rf8+ Kg7 60. Rf7+ Kh8 61. Rc7 d4 62. Nd5 b4 63. Kf4 bxc3 64. Nf6 Rg7 65. Rc8+ 1-0


[Site "https://www.chess.com"]

[Event "Titled Tuesday Blitz November 16 2021"]
[White "Gubajdullin, Alexei"]
[Black "Durarbayli, Vasif"]
[WhiteFideId "4141202"]
[BlackFideId "13402935"]
[WhiteElo "2268"]
[BlackElo "2522"]
[Result "1-0"]
[Round "09"]
[TimeControl "180+1"]
[Date "2021.11.16"]
[WhiteClock "0:00:39"]
[BlackClock "0:00:28"]

1. d4 Nf6 2. Nf3 e6 3. Bf4 c5 4. e3 Nc6 5. c3 Be7 6. Nbd2 O-O 7. h3 b6 8. Bd3 Bb7 9. O-O d5 10. Ne5 Nxe5 11. dxe5 Nd7 12. Qg4 f5 13. exf6 Rxf6 14. Nf3 Nf8 15. Be5 Rf7 16. h4 Bf6 17. Ng5 Bxg5 18. hxg5 Ng6 19. Bxg6 hxg6 20. f4 Rf5 21. Rf3 d4 22. Rh3 dxe3 23. Rd1 Qf8 24. Qh4 Bc6 25. Qh7+ Kf7 26. Rxe3 Qg8 27. Rh3 Rd8 28. Rxd8 1-0


[Site "https://www.chess.com"]

[Event "Titled Tuesday Blitz November 16 2021"]
[White "Dronavalli, Harika"]
[Black "Aditya Mittal"]
[WhiteFideId "5015197"]
[BlackFideId "35042025"]
[WhiteElo "2422"]
[BlackElo "2245"]
[Result "1/2-1/2"]
[Round "09"]
[TimeControl "180+1"]
[Date "2021.11.16"]
[WhiteClock "0:00:11"]
[BlackClock "0:00:04"]

1. Nf3 d5 2. c4 e6 3. g3 Nf6 4. b3 d4 5. Bg2 c5 6. O-O Nc6 7. e3 e5 8. exd4 exd4 9. Re1+ Be7 10. d3 O-O 11. Bf4 Bg4 12. h3 Bh5 13. Nbd2 Bd6 14. Bxd6 Qxd6 15. a3 Rfe8 16. Rxe8+ Rxe8 17. Qf1 h6 18. Re1 Rxe1 19. Qxe1 Bg6 20. Bf1 Bf5 21. Nh4 Be6 22. Kh2 g5 23. Nhf3 Kg7 24. Ng1 Ne5 25. Ngf3 Ng6 26. Ne4 Nxe4 27. Qxe4 b5 28. Bg2 bxc4 29. bxc4 Bd7 30. Qe2 Bc6 31. Nd2 Bxg2 32. Kxg2 Qa6 33. Ne4 Qc6 34. Kh2 Ne5 35. f4 gxf4 36. gxf4 Ng6 37. Qg4 Qc7 38. Kg3 Kf8 39. Qf5 Qe7 40. Qxc5 Qxc5 41. Nxc5 Ne7 42. Kg4 Kg7 43. Nb3 f5+ 44. Kf3 Nc6 45. Nc5 Kf6 46. Nb7 Ke7 47. Nc5 Kd6 48. Nb3 Ke7 49. Kg3 Kf6 50. Kh4 Kg6 51. Kg3 Kf6 52. Nc1 Ke6 53. Ne2 Kf6 54. Kf3 Ke6 55. Ng3 Kf6 56. Ke2 Kg6 57. Kd2 Nd8 58. c5 Ne6 59. c6 Kf6 60. Ne2 Ke7 61. Ng3 Kd6 62. Nxf5+ Kxc6 63. Nxh6 Nxf4 64. h4 Ng2 65. Nf5 Kd5 66. h5 Ke5 67. Ng3 Nf4 68. h6 Kf6 69. Ne2 Ne6 70. Ng3 Kg6 71. Ke2 Kxh6 72. Kf3 Kg5 73. Ke4 Kf6 74. Ne2 Ke7 75. Nxd4 Nc5+ 76. Ke3 a6 77. Nc2 Kd6 78. Kd4 Nb3+ 79. Kc3 Nc5 80. Kc4 Nd7 81. d4 Nb6+ 82. Kb4 Kd5 83. Ka5 Nc4+ 84. Kb4 Nd2 85. a4 Ne4 86. Ka5 Nc3 87. Kb4 Ne4 88. Ka5 Nc3 89. Kb4 Ne4 1/2-1/2


[Site "https://www.chess.com"]

[Event "Titled Tuesday Blitz November 16 2021"]
[White "Horobetz, Graham"]
[Black "Kamsky, Gata"]
[WhiteFideId "2047322"]
[BlackFideId "2000024"]
[WhiteElo "2618"]
[BlackElo "2645"]
[Result "0-1"]
[Round "09"]
[TimeControl "180+1"]
[Date "2021.11.16"]
[WhiteClock "0:00:11"]
[BlackClock "0:01:39"]

1. e4 c5 2. Nf3 e6 3. d4 cxd4 4. Nxd4 a6 5. Nc3 b5 6. Bd3 Qb6 7. Nb3 Qc7 8. O-O Bb7 9. Qe2 Nf6 10. e5 Nd5 11. Nxd5 Bxd5 12. Bd2 Nc6 13. f4 Be7 14. a4 O-O 15. axb5 axb5 16. Rae1 g6 17. f5 exf5 18. Qf2 Nxe5 19. Rxe5 Qxe5 20. Bc3 Qd6 21. Re1 Bf6 0-1


[Site "https://www.chess.com"]

[Event "Titled Tuesday Blitz November 16 2021"]
[White "Korchmar, Vasiliy"]
[Black "Manafov, Vugar"]
[WhiteFideId "24131750"]
[BlackFideId "13410814"]
[WhiteElo "2370"]
[BlackElo "2277"]
[Result "1/2-1/2"]
[Round "09"]
[TimeControl "180+1"]
[Date "2021.11.16"]
[WhiteClock "0:00:03"]
[BlackClock "0:00:09"]

1. e4 Nf6 2. e5 Nd5 3. d4 d6 4. Nf3 Nb6 5. Bd3 g6 6. h3 Bg7 7. O-O O-O 8. Qe2 Nc6 9. c3 dxe5 10. dxe5 Qd5 11. Be4 Qe6 12. Bf4 Qc4 13. Qc2 Bf5 14. Nbd2 Bxe4 15. Nxe4 Nd5 16. Bg3 Ndb4 17. Qb1 Nd3 18. Ned2 Qa6 19. Qc2 Rad8 20. Rfd1 Nc5 21. Nb3 Qa4 22. Nfd4 Nxd4 23. cxd4 Na6 24. d5 Qb5 25. Qe4 Nb4 26. d6 exd6 27. exd6 c5 28. Bh4 Rd7 29. Be7 Re8 30. Qg4 h5 31. Qf3 Bxb2 32. Rab1 Bg7 33. Nd2 Qc6 34. Ne4 f5 35. Qb3+ c4 36. Qxb4 fxe4 37. Rdc1 c3 38. Qb3+ Kh7 39. Qf7 Rc8 40. Rb4 a5 41. Rd4 c2 42. Rd5 Qc4 43. Rxh5+ gxh5 44. Qxh5+ Kg8 45. Rxc2 Qxc2 46. Qd5+ Kh7 47. Qh5+ Kg8 48. Qd5+ Kh7 49. Qh5+ Kg8 1/2-1/2


[Site "https://www.chess.com"]

[Event "Titled Tuesday Blitz November 16 2021"]
[White "Kryakvin, Dmitry"]
[Black "Gurvich, Vitaly"]
[WhiteFideId "4153278"]
[BlackFideId "24164852"]
[WhiteElo "2372"]
[BlackElo "2275"]
[Result "1/2-1/2"]
[Round "09"]
[TimeControl "180+1"]
[Date "2021.11.16"]
[WhiteClock "0:00:09"]
[BlackClock "0:00:14"]

1. Nf3 Nf6 2. c4 c5 3. Nc3 g6 4. e4 Nc6 5. d4 cxd4 6. Nxd4 d6 7. Be2 Bg7 8. Be3 O-O 9. O-O Bd7 10. Qd2 Nxd4 11. Bxd4 Bc6 12. f3 Rc8 13. b4 a6 14. Rfc1 e6 15. Kh1 h5 16. a4 h4 17. b5 Bd7 18. Kg1 Kh7 19. Rd1 axb5 20. Nxb5 Bxb5 21. axb5 Nh5 22. Bxg7 Kxg7 23. Qxd6 Qg5 24. Qd4+ e5 25. Qf2 Nf4 26. Kh1 Rfd8 27. Bf1 Ne6 28. Rd5 Nf4 29. Rdd1 Ne6 30. Rac1 Nd4 31. b6 Rc5 32. Rb1 Qf6 33. Rb2 Rd6 34. Rdb1 Rcc6 35. Qe1 Rxb6 36. Rxb6 Rxb6 37. Rxb6 Qxb6 38. Qxh4 Qb1 39. Qf2 Qd1 40. Kg1 g5 41. h4 f6 42. hxg5 fxg5 43. c5 Kf6 44. Qe3 Qb3 45. Qc1 Qb4 46. Qc4 Qe1 47. Kh2 Qh4+ 48. Kg1 Qe1 49. Kh2 Qh4+ 50. Kg1 Qe1 1/2-1/2


[Site "https://www.chess.com"]

[Event "Titled Tuesday Blitz November 16 2021"]
[White "Leiva, Gianmarco"]
[Black "Terry, Renato"]
[WhiteFideId "3804399"]
[BlackFideId "3803457"]
[WhiteElo "2318"]
[BlackElo "2577"]
[Result "0-1"]
[Round "09"]
[TimeControl "180+1"]
[Date "2021.11.16"]
[WhiteClock "0:00:02"]
[BlackClock "0:00:03"]

1. e4 g6 2. d4 Bg7 3. c3 d6 4. Nf3 Nf6 5. Bd3 O-O 6. O-O Nc6 7. Nbd2 e5 8. Re1 Nh5 9. Bf1 exd4 10. cxd4 Nxd4 11. Nxd4 Bxd4 12. Nc4 Bg7 13. Be3 Be6 14. Rc1 b6 15. Qc2 Re8 16. b4 a6 17. Red1 Qe7 18. a4 f5 19. exf5 gxf5 20. g3 f4 21. Bd4 Bg4 22. Rd2 Qg5 23. Bg2 f3 24. Bf1 Re7 25. Ne3 Bxd4 26. Rxd4 Rxe3 27. Qd2 Re5 28. Qc3 Be6 0-1


[Site "https://www.chess.com"]

[Event "Titled Tuesday Blitz November 16 2021"]
[White "Llorente Zaro, Alfonso"]
[Black "Stoleriu, George"]
[WhiteFideId "2254131"]
[BlackFideId "1227505"]
[WhiteElo "2480"]
[BlackElo "2199"]
[Result "1-0"]
[Round "09"]
[TimeControl "180+1"]
[Date "2021.11.16"]
[WhiteClock "0:00:57"]
[BlackClock "0:00:03"]

1. e4 e6 2. d4 d5 3. Nd2 Be7 4. Ngf3 Nf6 5. Bd3 c5 6. dxc5 dxe4 7. Nxe4 Nxe4 8. Bxe4 Qxd1+ 9. Kxd1 Bxc5 10. Ke2 Nd7 11. Rd1 Ke7 12. Bf4 Nf6 13. Bd3 Nd5 14. Bd2 Bd7 15. Ne5 Be8 16. c4 Nb4 17. Be4 f6 18. a3 Nc6 19. Bxc6 bxc6 20. Nd3 Bd4 21. Bb4+ Kf7 22. Bc5 e5 23. Bxd4 exd4 24. Nc5 Rd8 25. Rd3 Bd7 26. Rxd4 Rhe8+ 27. Kf1 Bf5 28. Rad1 Rxd4 29. Rxd4 Re5 30. b4 g5 31. g4 Be6 32. Nd7 Bxd7 33. Rxd7+ Ke6 34. Rxa7 Re4 35. c5 Rxg4 36. Rxh7 Rc4 37. Rc7 Kd5 38. Rd7+ Ke4 39. Kg2 f5 40. Rd6 f4 41. h3 Rc1 42. Re6+ Kf5 43. Rxc6 Rc3 44. b5 Ke4 45. b6 f3+ 46. Kg3 Rc1 47. Re6+ Kf5 48. b7 1-0


[Site "https://www.chess.com"]

[Event "Titled Tuesday Blitz November 16 2021"]
[White "Martinez Alcantara, Jose Eduardo"]
[Black "Khanin, Semen"]
[WhiteFideId "3805662"]
[BlackFideId "4111990"]
[WhiteElo "2690"]
[BlackElo "2442"]
[Result "1-0"]
[Round "09"]
[TimeControl "180+1"]
[Date "2021.11.16"]
[WhiteClock "0:00:06"]
[BlackClock "0:00:02"]

1. e4 c5 2. Nf3 Nc6 3. c3 d5 4. exd5 Qxd5 5. d4 Bf5 6. Be3 cxd4 7. cxd4 e6 8. Nc3 Bb4 9. Be2 O-O-O 10. O-O Qa5 11. Nb5 Nf6 12. a3 Be7 13. b4 Qb6 14. d5 Rxd5 15. Bxb6 Rxd1 16. Nxa7+ Nxa7 17. Rfxd1 Kb8 18. Nd4 Bg6 19. Bf3 e5 20. Rac1 exd4 21. Rc7 Nc6 22. Bxc6 bxc6 23. Rxe7 Nd5 24. Ba7+ Ka8 25. Rd7 Nf6 26. R1xd4 Nxd7 27. Rxd7 Re8 28. Be3 Re5 29. h3 h5 30. Ra7+ Kb8 31. Ra6 Kb7 32. Rb6+ Kc7 33. Ra6 Kb7 34. Ra7+ Kb8 35. Rd7 Kc8 36. Rd6 Be4 37. Bf4 Rf5 38. Bg3 Bd5 39. a4 Rg5 40. h4 Rf5 41. a5 Kb7 42. f3 Ka6 43. Bf2 Kb5 44. Bc5 g5 45. Rd8 gxh4 46. Rb8+ Kc4 47. a6 h3 48. gxh3 Rxf3 49. a7 Rg3+ 50. Kf2 Rf3+ 51. Ke1 Ra3 52. a8=Q Rxa8 53. Rxa8 1-0


[Site "https://www.chess.com"]

[Event "Titled Tuesday Blitz November 16 2021"]
[White "Matinian, Nikita"]
[Black "SouS007"]
[WhiteFideId "24129100"]
[WhiteElo "2422"]
[BlackElo "2536"]
[Result "1-0"]
[Round "09"]
[TimeControl "180+1"]
[Date "2021.11.16"]
[WhiteClock "0:01:45"]
[BlackClock "0:01:58"]

1. e4 g6 2. d4 Nf6 3. Nc3 d5 4. e5 Ne4 5. Bd3 Nxc3 6. bxc3 c5 7. h4 Qa5 8. Bd2 c4 9. Be2 Qa4 10. h5 Bf5 11. hxg6 Bxg6 12. Nh3 Bxc2 13. Qc1 e6 14. Bg5 Ba3 15. Qf4 Bb2 16. Qf6 Nc6 17. Qxh8+ Kd7 18. Qxa8 Qb5 19. O-O 1-0


[Site "https://www.chess.com"]

[Event "Titled Tuesday Blitz November 16 2021"]
[White "Mirzoev, Azer"]
[Black "Maly, Alexey"]
[WhiteFideId "13400304"]
[BlackFideId "14103184"]
[WhiteElo "2525"]
[BlackElo "2294"]
[Result "0-1"]
[Round "09"]
[TimeControl "180+1"]
[Date "2021.11.16"]
[WhiteClock "0:00:13"]
[BlackClock "0:00:53"]

1. d4 d5 2. Nf3 Nf6 3. Bf4 e6 4. e3 c5 5. c3 Bd6 6. Bg3 Qc7 7. Nbd2 Nbd7 8. Be2 O-O 9. O-O e5 10. e4 Nxe4 11. Nxe4 dxe4 12. Ng5 Nf6 13. dxc5 Qxc5 14. Qa4 Bf5 15. Rad1 h6 16. Nh3 Rfd8 17. Qb3 b6 18. Rfe1 Bxh3 19. gxh3 Qc7 20. Kg2 Bc5 21. Bf1 a5 22. Rxd8+ Rxd8 23. Rd1 Rxd1 24. Qxd1 e3 25. fxe3 Bxe3 26. Qf3 Bc5 27. Qa8+ Kh7 28. Bd3+ g6 29. Qf3 Qd6 30. Bf1 Qd2+ 31. Qe2 Qd5+ 32. Qf3 Qd6 33. Bh4 g5 34. Bg3 Kg7 35. h4 g4 36. Qe2 Qd5+ 0-1


[Site "https://www.chess.com"]

[Event "Titled Tuesday Blitz November 16 2021"]
[White "Nagy, Gabor"]
[Black "Bologan, Victor"]
[WhiteFideId "737119"]
[BlackFideId "13900048"]
[WhiteElo "2534"]
[BlackElo "2472"]
[Result "1/2-1/2"]
[Round "09"]
[TimeControl "180+1"]
[Date "2021.11.16"]
[WhiteClock "0:01:57"]
[BlackClock "0:00:03"]

1. Nf3 Nf6 2. c4 e6 3. Nc3 b6 4. e4 Bb7 5. Qe2 c5 6. e5 Ng4 7. d4 cxd4 8. Nxd4 Nh6 9. Bxh6 gxh6 10. f4 Bb4 11. O-O-O Bxc3 12. bxc3 Qe7 13. Nb5 O-O 14. Qh5 f5 15. Nd6 Be4 16. Bd3 Bxd3 17. Rxd3 Nc6 18. Qxh6 Kh8 19. g3 Rg8 20. Rhd1 Rg6 21. Qh5 Na5 22. Qf3 Rb8 23. Nb5 Rg7 24. Rd4 Qc5 25. Rxd7 Nxc4 26. Rxg7 Kxg7 27. Rd7+ Kg8 28. Qh5 Qg1+ 29. Kc2 Qf2+ 30. Kb3 Na5+ 31. Ka3 Qc5+ 32. Ka4 Qc4+ 33. Ka3 Qc5+ 34. Ka4 Qc4+ 35. Ka3 Qc5+ 1/2-1/2


[Site "https://www.chess.com"]

[Event "Titled Tuesday Blitz November 16 2021"]
[White "Narayanan, Srinath"]
[Black "Tsydypov, Zhamsaran"]
[WhiteFideId "5018420"]
[BlackFideId "4108566"]
[WhiteElo "2472"]
[BlackElo "2614"]
[Result "0-1"]
[Round "09"]
[TimeControl "180+1"]
[Date "2021.11.16"]
[WhiteClock "0:00:02"]
[BlackClock "0:00:23"]

1. Nf3 g6 2. c4 Bg7 3. g3 e5 4. Bg2 Nc6 5. Nc3 f5 6. O-O Nf6 7. d3 h6 8. Rb1 O-O 9. b4 d6 10. Nd5 Be6 11. Nd2 Rb8 12. Qa4 Nd4 13. Qd1 Bf7 14. b5 g5 15. e3 Ne6 16. f4 gxf4 17. exf4 exf4 18. Nxf4 Nxf4 19. Rxf4 Ng4 20. Bb2 Be5 21. Rxg4+ fxg4 22. Qxg4+ Kh8 23. Qf4 Qg5 24. Qxg5 hxg5 25. Bxe5+ dxe5 26. Nf3 e4 27. dxe4 Bxc4 28. Nxg5 Bxa2 29. Rc1 Rbd8 30. h4 Rd7 31. e5 Re8 32. e6 Rg7 33. Bxb7 Bxe6 34. Ra1 Bd7 35. Ra5 Re2 36. Bf3 Rb2 37. Rxa7 Re7 38. Be4 Bxb5 39. Rb7 Rd7 40. Bf3 Rdd2 41. Rb8+ Kg7 0-1


[Site "https://www.chess.com"]